 Dungeon Crawl Stone Soup version 0.29-a0-96-g93358da72b (webtiles) character file.

Game seed: 14032298336912653252

278 Nelsoonmonsoon the Ruffian (level 6, -2/51 HPs)
             Began as a Draconian Transmuter on Feb 13, 2022.
             Killed from afar by an orc (12 damage)
             ... with a bolt of acid
             ... on level 4 of the Dungeon.
             The game lasted 00:16:04 (4139 turns).

Nelsoonmonsoon the Ruffian (Draconian Transmuter)   Turns: 4139, Time: 00:16:04

Health: -2/51      AC:  9    Str: 14    XL:     6   Next: 5%
Magic:  9/10       EV: 12    Int: 14    God:
Gold:   64         SH:  0    Dex: 11    Spells: 8/11 levels left

rFire   . . .      SeeInvis +     - Unarmed
rCold   . . .      Faith    .   (no shield)
rNeg    . . .      Spirit   .   (armour unavailable)
rPois   .          Reflect  .   (helmet restricted)
rElec   .          Harm     .   r - +2 cloak
rCorr   .          Rampage  .   (no gloves)
Will    .....                   (no boots)
Stlth   +.........              (no amulet)
HPRegen 0.17/turn               h - ring of see invisible
MPRegen 0.12/turn               (no ring)

@: wereblooded
A: AC +6, unfitting armour, cold-blooded
a: no special abilities


You were on level 4 of the Dungeon.
You visited 1 branch of the dungeon, and saw 4 of its levels.

You collected 64 gold pieces.

Inventory:

Hand Weapons
 s - a +3 quarterstaff of chaos
Missiles
 m - a boomerang
 n - 3 silver boomerangs
 t - 3 poisoned darts
Armour
 c - a +0 scale mail
 r - a +2 cloak (worn)
Jewellery
 h - a ring of see invisible (left hand)
 k - an amulet of guardian spirit
Wands
 a - a wand of flame (22)
Scrolls
 b - a scroll of brand weapon {unknown}
 f - 2 scrolls of teleportation {unknown}
 g - 4 scrolls of identify {unknown}
 i - a scroll of silence {unknown}
 l - a scroll of fear {unknown}
 o - a scroll of amnesia {unknown}
 p - a scroll of enchant armour {unknown}
Potions
 d - a potion of degeneration {unknown}
 e - a potion of invisibility {unknown}
 j - a potion of flight {unknown}
 q - a potion of heal wounds {unknown}


   Skills:
 + Level 3.0 Fighting
 + Level 2.9 Dodging
 + Level 4.1 Unarmed Combat
 + Level 3.1 Spellcasting
 + Level 3.2 Transmutations


You had 8 spell levels left.
You knew the following spells:

 Your Spells              Type           Power      Damage    Failure   Level
a - Beastly Appendage     Tmut           22%        N/A       5%          1
b - Wereblood             Tmut           11%        N/A       9%          2

Your spell library contained the following spells:

 Spells                   Type           Power      Damage    Failure   Level
 Blink                    Tloc           4%         N/A       32%         2
 Spider Form              Tmut/Pois      6%         N/A       32%         3
 Ice Form                 Ice/Tmut       6%         N/A       73%         4
 Manifold Assault         Tloc           2%         N/A       99%         5
 Storm Form               Tmut/Air       3%         N/A       100%        7


Dungeon Overview and Level Annotations

Branches:
Dungeon (4/15)
 Temple: D:4-7

Altars:


Innate Abilities, Weirdness & Mutations

Your plain brown scales are hard. (AC +6)
You cannot fit into any form of body armour.
You are cold-blooded and may be slowed by cold attacks.


Message History

The orc hits you but does no damage.
An orc comes into view. It is wielding a +0 short sword.
Casting: Wereblood (safe; 9% risk of failure)
Confirm with . or Enter, or press ? or * to list all spells.
You grow a pair of large bovine horns.
Your feet morph into talons.
An endoplasm comes into view.
Casting: Beastly Appendage (safe; 5% risk of failure)
Confirm with . or Enter, or press ? or * to list all spells.
Your blood is infused with primal strength.
The orc hits you with a +0 dagger.
You closely miss the orc. Your kick misses the orc.
You tail-slap the orc, but do no damage.
The orc hits you but does no damage. x2
You hit the orc but do no damage. You claw the orc.
Your headbutt misses the orc.
The orc is almost dead.
The orc hits you but does no damage. x2
You hit the orc.
You feel a bit better.
You kill the orc!
You howl as the wereblood boils in your veins!
The orc hits you but does no damage.
You hit the orc but do no damage.
The orc zaps a wand.
The bolt of acid hits you! The orc hits you with a +0 short sword.
You closely miss the orc. Your kick misses the orc. The orc barely misses you.
You hit the orc. Your headbutt misses the orc.
The orc is almost dead.
The orc completely misses you. The orc closely misses you.
You howl as the wereblood boils in your veins!
Your transformation is almost over.
The orc zaps a wand.
The bolt of acid hits the orc!!
The orc dies!
The bolt of acid hits you!
The orc zaps a wand.
The bolt of acid hits the endoplasm.
The endoplasm completely resists.
The bolt of acid misses you.
The orc zaps a wand.
The bolt of acid hits you!!
* * * LOW HITPOINT WARNING * * *
Your horns disappear.
Your talons disappear.
The orc zaps a wand.
The bolt of acid hits the endoplasm.
The endoplasm completely resists.
The bolt of acid hits you!
You die...

#.# ##.###.##
#.........
########..###.##.
#.........#
#.######.## #.#
#)# #.# #)#
#.######@###
#..........#
########.#.#
....>...J#.#####
########........
#o#.######
#.........
#...###### #...#


You could see an orc and an endoplasm.

Vanquished Creatures
  A howler monkey (D:3)
  Crazy Yiuf (D:3)
  An iguana (D:4)
  An orc wizard (D:4)
  Natasha (thrice) (D:2)
  Robin (D:3)
  2 adders
  A dart slug (D:2)
  11 orcs
  3 ball pythons
  4 endoplasms
  8 goblins
  5 hobgoblins
  A kobold (D:4)
  4 bats
  2 rats
49 creatures vanquished.

Vanquished Creatures (others)
  An orc (D:4)
  A fungus (D:2)
  10 plants (D:2)
12 creatures vanquished.

Grand Total: 61 creatures vanquished

Notes
Turn   | Place    | Note
-------+----------+-------------------------------------------
     0 | D:1      | Nelsoonmonsoon the Draconian Transmuter began the quest for
                  | the Orb.
     0 | D:1      | Reached XP level 1. HP: 16/16 MP: 3/3
   116 | D:1      | You fall into a shaft and drop 1 floor!
   347 | D:2      | Reached XP level 2. HP: 23/23 MP: 3/5
   385 | D:2      | Found a faded altar of an unknown god.
   570 | D:2      | Noticed Natasha
   573 | D:2      | Killed Natasha
   574 | D:2      | Reached XP level 3. HP: 14/29 MP: 4/6
  1091 | D:3      | Noticed Robin
  1479 | D:2      | Noticed Natasha
  1486 | D:2      | Killed Natasha
  1487 | D:2      | Reached XP level 4. HP: 27/36 MP: 5/7
  1853 | D:2      | Noticed Natasha
  1868 | D:2      | Killed Natasha
  2394 | D:3      | Reached XP level 5. HP: 41/42 MP: 6/9
  2438 | D:3      | Learned a level 2 spell: Wereblood
  2927 | D:3      | Found a runed translucent door.
  2928 | D:3      | Noticed Crazy Yiuf
  3435 | D:3      | Killed Robin
  3607 | D:3      | Killed Crazy Yiuf
  3755 | D:4      | Reached skill level 4 in Unarmed Combat
  3826 | D:4      | Reached XP level 6. HP: 19/51 MP: 6/10
  4139 | D:4      | Killed from afar by an orc

Illustrated notes

Levels and vault maps discovered:
D:1:      evilmike_arrival_plus, layout_loops_cross, serial_shops, shop,
          dk_noncrumbling_3, minmay_misc_feat_room, fountainhead
D:2:      layout_loops_cross, shapermc_ecumenical_altar_mp_urbaneastern,
          uniq_natasha
D:3:      layout_basic, uniq_crazy_yiuf_cottage, uniq_robin
D:4:      layout_loops_ring, serial_shops, nicolae_shop_statue_plus,
          uniq_grinder, uniq_sigmund

Skill      XL: |  1  2  3  4  5 |
---------------+----------------+-----
Dodging        | 2 |  2.9
Fighting       | 2 3 |  3.0
Transmutations | 3 |  3.2
Unarmed Combat | 4 |  4.1
Spellcasting   | 3 |  3.1

Action                   |  1- 3 |  4- 6 || total
-------------------------+-------+-------++-------
Melee: Unarmed           |    45 |   135 ||   180
       Kick              |     7 |    23 ||    30
       Headbutt          |     5 |    13 ||    18
       Tailslap          |     4 |    14 ||    18
       Punch             |     3 |     2 ||     5
 Cast: Beastly Appendage |     7 |    14 ||    21
       Wereblood         |       |    10 ||    10
  Use: Potion            |     2 |       ||     2
 Stab: Sleeping          |       |     1 ||     1
Armor: Skin              |    19 |    36 ||    55
Dodge: Dodged            |    27 |    75 ||   102

Table legend: (Time is in decaauts)
 A = Elapsed time spent in this place.
 B = Non-inter-level travel time spent in this place.
 C = Inter-level travel time spent in this place.
 D = Time resting spent in this place.
 E = Time spent auto-exploring this place.
 F = Levels seen in this place.
 G = Mean time per level.
                   A        B        C        D        E       F      G
               +--------+--------+--------+--------+--------+-----+--------+
         Total |   4127 |   3797 |    330 |   1431 |    948 |   4 | 1031.8 |
       Dungeon |   4127 |   3797 |    330 |   1431 |    948 |   4 | 1031.8 |
               +--------+--------+--------+--------+--------+-----+--------+

Top non-repeatable levels by time:
     D:2: 2202 daAuts
     D:3: 1338 daAuts
     D:4: 470 daAuts
     D:1: 115 daAuts
